[Event "Titled Tuesday Blitz March 01 Early 2022"]
[White "Shuvalov, Evgenij"]
[Black "Kalajzic, Ivan"]
[WhiteFideId "4187237"]
[BlackFideId "14506378"]
[WhiteElo "2119"]
[BlackElo "2163"]
[Result "0-1"]
[Round "04"]
[TimeControl "180+1"]
[Date "2022.03.01"]
[WhiteClock "0:00:07"]
[BlackClock "0:00:16"]

1. Nf3 Nc6 2. d4 d5 3. c4 Bg4 4. Nc3 e6 5. cxd5 exd5 6. Qb3 Bxf3 7. exf3 Bb4 8. Bb5 Bxc3+ 9. bxc3 Ne7 10. O-O O-O 11. Ba3 Re8 12. Bd3 b6 13. Rfe1 Qd7 14. Qc2 g6 15. Re3 Nf5 16. Bxf5 Qxf5 17. Qxf5 gxf5 18. Rae1 Rxe3 19. fxe3 Na5 20. Kf2 Nc4 21. Bc1 f6 22. Kg3 Kf7 23. Kf4 Ke6 24. h3 h5 25. Re2 Rg8 26. e4 fxe4 27. fxe4 dxe4 28. Rxe4+ Kd6 29. Re2 h4 30. Kf5 Kd5 31. Bf4 Nd6+ 32. Bxd6 Kxd6 33. Kxf6 Rg3 34. c4 Rc3 35. Re6+ Kd7 36. Re7+ Kd6 37. Re4 Rxc4 38. Rxh4 Rc2 39. Rg4 Rxa2 40. h4 a5 41. h5 Rf2+ 42. Kg7 a4 43. h6 a3 44. h7 a2 45. h8=Q a1=Q 46. Rg6+ Kd5 47. Qd8+ Ke4 48. Re6+ Kd3 49. Qxc7 Qxd4+ 50. Kg8 Rxg2+ 51. Kf8 Qh8+ 52. Ke7 Rg7+ 53. Kd6 Rxc7 54. Kxc7 b5 55. Rb6 Kc4 56. Kc6 b4 0-1


[Site "https://www.chess.com"]

[Event "Titled Tuesday Blitz March 01 Early 2022"]
[White "Shuvalova, Polina"]
[Black "Izoria, Zviad"]
[WhiteFideId "24171760"]
[BlackFideId "13601733"]
[WhiteElo "2355"]
[BlackElo "2626"]
[Result "0-1"]
[Round "04"]
[TimeControl "180+1"]
[Date "2022.03.01"]
[WhiteClock "0:00:24"]
[BlackClock "0:01:37"]

1. d4 d6 2. c4 e5 3. Nc3 exd4 4. Qxd4 Nc6 5. Qe3+ Be6 6. g3 Nf6 7. Bg2 Be7 8. b3 d5 9. cxd5 Nxd5 10. Nxd5 Bxd5 11. Nf3 O-O 12. O-O Bf6 13. Rb1 Re8 14. Qd2 Be4 15. Rb2 Bxb2 16. Qxb2 Qd5 17. Bf4 Re7 18. Rc1 Rd8 19. h4 h6 20. b4 a6 21. a4 Nd4 22. Nxd4 Bxg2 23. Be3 Bh1 24. Nf3 Bxf3 25. exf3 Qxf3 26. Qb3 Red7 27. Kh2 Rd1 0-1


[Site "https://www.chess.com"]

[Event "Titled Tuesday Blitz March 01 Early 2022"]
[White "Shvedova, Alexandra"]
[Black "Goltsev, Dmitry"]
[WhiteFideId "54154782"]
[BlackFideId "24176710"]
[WhiteElo "1920"]
[BlackElo "2273"]
[Result "0-1"]
[Round "04"]
[TimeControl "180+1"]
[Date "2022.03.01"]
[WhiteClock "0:00:38"]
[BlackClock "0:01:40"]

1. e4 e6 2. d4 d5 3. Nd2 c5 4. exd5 exd5 5. Ngf3 Nf6 6. Bb5+ Nc6 7. O-O Be7 8. dxc5 Bxc5 9. Nb3 Bb6 10. Nbd4 O-O 11. Nxc6 bxc6 12. Bxc6 Rb8 13. Bg5 Qd6 14. Bxf6 Qxc6 15. Bd4 Bc7 16. Re1 Bf5 17. Bc3 Be4 18. Qd4 Qh6 19. Ne5 Qg5 20. f3 Bb6 21. fxe4 Bxd4+ 22. Bxd4 dxe4 23. Nd7 Qd5 24. Rad1 Qxd7 25. Bc5 Qc6 26. Bxf8 Kxf8 27. c3 Rxb2 28. Rd8+ Ke7 29. Rd4 f5 30. g4 Qxc3 31. Red1 Qe3+ 0-1


[Site "https://www.chess.com"]

[Event "Titled Tuesday Blitz March 01 Early 2022"]
[White "Sikorova, Olga"]
[Black "Araujo Filho, Luiz Antonio Coel"]
[WhiteFideId "307033"]
[BlackFideId "2130661"]
[WhiteElo "2187"]
[BlackElo "2148"]
[Result "0-1"]
[Round "04"]
[TimeControl "180+1"]
[Date "2022.03.01"]
[WhiteClock "0:01:39"]
[BlackClock "0:01:00"]

1. c4 f5 2. g3 Nf6 3. Bg2 g6 4. Nc3 Bg7 5. d3 O-O 6. e4 fxe4 7. dxe4 d6 8. Nge2 e5 9. h3 Nc6 10. O-O h6 11. Be3 Kh7 12. b3 Be6 13. Nd5 Nh5 14. Rc1 b6 15. a3 g5 16. b4 g4 17. h4 Ne7 18. c5 Ng6 19. cxd6 cxd6 20. Nc7 Qe7 21. Nxa8 Rxa8 22. Qc2 Rc8 23. Qxc8 Bxc8 24. Rxc8 Nf6 25. Rfc1 Qe6 26. R8c7 Qa2 27. Nc3 Qxa3 28. Nb5 Qxb4 29. Nxa7 Nxe4 30. R7c3 Nxc3 31. Rd1 Nxd1 0-1


[Site "https://www.chess.com"]

[Event "Titled Tuesday Blitz March 01 Early 2022"]
[White "Silva, Mariana Sofia T."]
[Black "Tasev, Dejan"]
[WhiteFideId "1911899"]
[BlackFideId "936618"]
[WhiteElo "1825"]
[BlackElo "2253"]
[Result "0-1"]
[Round "04"]
[TimeControl "180+1"]
[Date "2022.03.01"]
[WhiteClock "0:00:15"]
[BlackClock "0:00:55"]

1. Nf3 Nf6 2. g3 g6 3. b3 Bg7 4. Bb2 O-O 5. Bg2 b6 6. O-O Bb7 7. c4 e6 8. d4 d6 9. Nc3 Nbd7 10. Qc2 Qe7 11. e4 h6 12. h3 Nh7 13. d5 e5 14. Nb5 Ndf6 15. Nd2 a6 16. Nc3 g5 17. f4 gxf4 18. gxf4 exf4 19. Rxf4 Nd7 20. Ne2 Ne5 21. Nd4 Bc8 22. Raf1 Ng5 23. Nf5 Bxf5 24. exf5 Bf6 25. Kh1 Kh8 26. Rh4 Rg8 27. Rxh6+ Kg7 28. Rh4 Rh8 29. Rxh8 Rxh8 30. Qc3 Kf8 31. Qg3 Nd7 32. Bxf6 Qxf6 33. Ne4 Nxe4 34. Bxe4 Ne5 35. Bg2 a5 36. Rg1 Rg8 37. Qf4 Qg7 38. Kh2 f6 39. Qh4 Nf3+ 40. Bxf3 Qxg1# 0-1


[Site "https://www.chess.com"]

[Event "Titled Tuesday Blitz March 01 Early 2022"]
[White "Silva, Miguel Antonio Neto"]
[Black "Mohammad Fahad, Rahman"]
[WhiteFideId "1911929"]
[BlackFideId "10207791"]
[WhiteElo "2204"]
[BlackElo "2323"]
[Result "1-0"]
[Round "04"]
[TimeControl "180+1"]
[Date "2022.03.01"]
[WhiteClock "0:01:36"]
[BlackClock "0:00:29"]

1. e4 c5 2. Nc3 Nc6 3. g3 g6 4. Bg2 Bg7 5. d3 e6 6. Be3 Nd4 7. Qd2 Ne7 8. h4 Rb8 9. h5 b5 10. Nce2 Nec6 11. c3 Nxe2 12. Nxe2 d6 13. d4 Na5 14. b3 Qc7 15. Rc1 O-O 16. Bh6 Bb7 17. Bxg7 Kxg7 18. O-O Rbd8 19. Qf4 e5 20. h6+ Kg8 21. Qf6 1-0


[Site "https://www.chess.com"]

[Event "Titled Tuesday Blitz March 01 Early 2022"]
[White "Siva Mahadevan"]
[Black "Zavgorodniy, Sergiy"]
[WhiteFideId "25043153"]
[BlackFideId "14110148"]
[WhiteElo "2203"]
[BlackElo "2420"]
[Result "1/2-1/2"]
[Round "04"]
[TimeControl "180+1"]
[Date "2022.03.01"]
[WhiteClock "0:00:25"]
[BlackClock "0:00:16"]

1. e4 e5 2. Nf3 d6 3. d4 exd4 4. Nxd4 Nf6 5. Nc3 Be7 6. g3 Bg4 7. f3 Bd7 8. Bg2 c5 9. Nde2 Bc6 10. f4 O-O 11. O-O Nbd7 12. b3 Qc7 13. Bb2 b5 14. a4 b4 15. Nd5 Bxd5 16. exd5 Ng4 17. Qd3 Rfe8 18. Rae1 Bf6 19. Bc1 c4 20. Qf3 Qc5+ 21. Kh1 Ne3 22. Bh3 Nb6 23. Bxe3 Rxe3 24. Qf2 Rae8 25. bxc4 Nxc4 26. Nc1 Bc3 27. Rd1 h6 28. Nb3 Qc7 29. Bg4 Nb2 30. Ra1 Qc4 31. Qg2 R3e4 32. Bf3 Re3 33. Na5 Qc5 34. Nb3 Qc4 35. Na5 Qc5 36. Nb3 Qc4 1/2-1/2


[Site "https://www.chess.com"]

[Event "Titled Tuesday Blitz March 01 Early 2022"]
[White "Sjugirov, Sanan"]
[Black "Li, Ben"]
[WhiteFideId "4189302"]
[BlackFideId "2089980"]
[WhiteElo "2602"]
[BlackElo "2267"]
[Result "0-1"]
[Round "04"]
[TimeControl "180+1"]
[Date "2022.03.01"]
[WhiteClock "0:00:05"]
[BlackClock "0:00:04"]

1. e4 e5 2. Nf3 Nc6 3. Bb5 a6 4. Ba4 Nf6 5. O-O Be7 6. d3 b5 7. Bb3 d6 8. a4 Bd7 9. c3 O-O 10. Bc2 Re8 11. Re1 Bf8 12. Nbd2 g6 13. Nf1 Bg7 14. Ng3 Qb8 15. h3 Na5 16. b4 Nc6 17. Bg5 h6 18. Be3 d5 19. Qd2 Kh7 20. Bc5 Be6 21. Qe3 Qb7 22. Qe2 Rad8 23. axb5 axb5 24. Nh2 dxe4 25. dxe4 Bc4 26. Qf3 Ra8 27. Bd3 Be6 28. Ng4 Nd7 29. Be3 Ne7 30. Qe2 c6 31. Nh2 Rxa1 32. Rxa1 Ra8 33. Qd1 Rxa1 34. Qxa1 Nb6 35. Nf3 Nc4 36. Bc5 Qd7 37. Be2 Nc8 38. Nf1 N8d6 39. Qd1 Qc7 40. Ne3 Nxe4 41. Bxc4 Nxc5 42. bxc5 bxc4 43. Qa4 Qd7 44. Nxc4 Qd5 45. Ne3 Qxc5 46. c4 e4 47. Nd2 f5 48. g3 h5 49. h4 Bd4 50. Ndf1 Qb6 51. Qa8 c5 52. Qe8 Kg7 53. Qe7+ Bf7 54. Qg5 Qf6 55. Qxf6+ Kxf6 56. Nd2 Ke5 57. Ng2 Bc3 58. Nb3 Bb4 59. Ne3 f4 60. gxf4+ Kxf4 61. Kg2 g5 62. hxg5 Kxg5 63. Nc1 Kf4 64. Ne2+ Ke5 65. Ng3 Bd2 66. Ngf1 Bc1 67. Kh3 Kd4 68. Nf5+ Ke5 69. N5e3 Be6+ 70. Kh4 Kd4 71. Kxh5 Bxc4 72. Ng3 Bxe3 73. Nf5+ Ke5 74. Nxe3 Be6 75. Kh4 c4 76. Kg3 Bd5 77. Nd1 Kd4 78. Kf4 c3 79. Ne3 Bc6 80. Nc2+ Kd3 81. Nb4+ Kc4 82. Nc2 Ba8 83. Ke3 Kb3 84. Nd4+ Kb2 85. Ke2 c2 86. Nxc2 Kxc2 87. Ke3 Kc3 0-1


[Site "https://www.chess.com"]

[Event "Titled Tuesday Blitz March 01 Early 2022"]
[White "Sliwicki, Damian"]
[Black "Djokic, Mihailo"]
[WhiteFideId "1127128"]
[BlackFideId "976440"]
[WhiteElo "2084"]
[BlackElo "2008"]
[Result "1/2-1/2"]
[Round "04"]
[TimeControl "180+1"]
[Date "2022.03.01"]
[WhiteClock "0:00:09"]
[BlackClock "0:00:41"]

1. e4 c5 2. Nf3 d6 3. d4 cxd4 4. Qxd4 a6 5. c4 Nc6 6. Qe3 Nf6 7. Nc3 g6 8. h3 Bg7 9. Be2 O-O 10. O-O Be6 11. Rb1 Rc8 12. b3 Qa5 13. Bb2 Qc5 14. Qd2 Rfd8 15. Rfd1 Qa5 16. Bf1 h6 17. Rbc1 Kh7 18. Nd4 Nxd4 19. Qxd4 Nd5 20. Qd2 Nxc3 21. Bxc3 Bxc3 22. Rxc3 b5 23. Qd4 bxc4 24. Bxc4 d5 25. exd5 Bxd5 26. Qe5 e6 27. Rcd3 Qxa2 28. Bxd5 Rxd5 29. Rxd5 exd5 30. Qxd5 Kg8 31. Re1 Rb8 32. Re7 Qxb3 33. Re8+ Kh7 34. Qe5 Qd1+ 35. Kh2 Rxe8 36. Qxe8 Qd6+ 37. g3 Kg7 38. Qa8 Qb6 39. Kg2 a5 40. Qe4 Qb5 41. Qd4+ Kh7 42. Qf4 Qd5+ 43. Kh2 h5 44. Qa4 Qc5 45. Qf4 Kg7 46. Qf3 a4 47. Kg2 a3 48. Qe2 Qd5+ 49. Kh2 a2 50. Qb2+ Kh7 51. Qf6 Qe6 52. Qb2 f6 53. h4 Qa6 54. Qa1 Kg7 55. Kg2 Qa3 56. Kh2 Qb3 57. Qd4 Qb1 58. Qa7+ Kh6 59. Qe3+ Kg7 60. Qe7+ Kg8 61. Qe8+ Kh7 62. Qf7+ Kh6 63. Qf8+ Kh7 64. Qf7+ Kh6 65. Qf8+ Kh7 66. Qf7+ 1/2-1/2


[Site "https://www.chess.com"]

[Event "Titled Tuesday Blitz March 01 Early 2022"]
[White "Spyropoulos, Nikolaos"]
[Black "Van den Dikkenberg, Erik"]
[WhiteFideId "4298977"]
[BlackFideId "1005880"]
[WhiteElo "2159"]
[BlackElo "2118"]
[Result "1-0"]
[Round "04"]
[TimeControl "180+1"]
[Date "2022.03.01"]
[WhiteClock "0:00:07"]
[BlackClock "0:00:14"]

1. d4 Nf6 2. Nf3 g6 3. Bg5 Bg7 4. Nbd2 O-O 5. e3 d6 6. Bc4 c6 7. O-O b5 8. Bb3 a5 9. a4 b4 10. Re1 Nbd7 11. e4 e5 12. dxe5 dxe5 13. Nc4 Qc7 14. Qd6 Qxd6 15. Nxd6 h6 16. Bh4 g5 17. Bg3 Nh5 18. Rad1 Nxg3 19. hxg3 Nc5 20. Nxc8 Raxc8 21. Nd2 Rfd8 22. f3 Ne6 23. Bxe6 fxe6 24. Nc4 Rd4 25. Rxd4 exd4 26. e5 c5 27. b3 Rf8 28. Kf2 Rf5 29. g4 Rf4 30. Nxa5 d3 31. cxd3 Rd4 32. Re3 Rd5 33. Nc4 Kh7 34. a5 Rd7 35. g3 Kg6 36. f4 Rf7 37. Kf3 h5 38. gxh5+ Kxh5 39. Re2 g4+ 40. Ke4 Kg6 41. Rh2 Rd7 42. Rh4 Rd4+ 43. Ke3 Kf5 44. Nd6+ Kg6 45. Rxg4+ Kh7 46. Rxg7+ Kxg7 47. a6 1-0


[Site "https://www.chess.com"]

[Event "Titled Tuesday Blitz March 01 Early 2022"]
[White "Stepanencu, Nicodim-Cosmin"]
[Black "Yushko, Olga"]
[WhiteFideId "1256220"]
[BlackFideId "14114500"]
[WhiteElo "1809"]
[BlackElo "2028"]
[Result "1-0"]
[Round "04"]
[TimeControl "180+1"]
[Date "2022.03.01"]
[WhiteClock "0:00:14"]
[BlackClock "0:00:17"]

1. b3 e6 2. Bb2 f5 3. e3 Nf6 4. f4 Be7 5. Nf3 O-O 6. Be2 d6 7. O-O Qe8 8. h3 Nc6 9. d3 Qg6 10. Nbd2 Bd7 11. a3 Rae8 12. b4 Bd8 13. Nc4 b5 14. Ncd2 e5 15. fxe5 dxe5 16. Nh4 Qg5 17. Qe1 Qxe3+ 18. Kh1 Qg5 19. Nb3 Nd5 20. Nc5 Bc8 21. Bc1 Qxh4 22. Qxh4 Bxh4 23. Bf3 Nce7 24. Bb2 Bf6 25. Rfe1 e4 26. Bxf6 exf3 27. Be5 fxg2+ 28. Kxg2 Ng6 29. Bd4 Ndf4+ 30. Kh2 Nh4 31. Rf1 g5 32. Rf2 Re7 33. Rg1 Nhg6 34. Rxg5 Rfe8 35. Rxf4 Re2+ 36. Kg3 Kf7 37. Rf1 f4+ 38. Rxf4+ Nxf4 39. Rg7+ Kf8 40. Kxf4 R8e7 41. Rg5 Rf7+ 42. Kg3 Re1 43. Ne4 Bb7 44. Bc5+ Ke8 45. Re5+ Kd7 46. Nf6+ Rxf6 47. Rxe1 Rg6+ 48. Kf4 Rg2 49. Re7+ Kd8 50. Rxh7 Rf2+ 51. Bxf2 Bd5 52. Bc5 Be6 53. h4 a5 54. h5 axb4 55. axb4 1-0


[Site "https://www.chess.com"]

[Event "Titled Tuesday Blitz March 01 Early 2022"]
[White "Suder, Jakub"]
[Black "Zia, Tahsin Tajwar"]
[WhiteFideId "1195310"]
[BlackFideId "10211888"]
[WhiteElo "2058"]
[BlackElo "1800"]
[Result "1-0"]
[Round "04"]
[TimeControl "180+1"]
[Date "2022.03.01"]
[WhiteClock "0:02:22"]
[BlackClock "0:00:03"]

1. d4 Nf6 2. c4 e6 3. Nc3 Bb4 4. f3 c5 5. d5 O-O 6. e4 b5 7. e5 exd5 8. exf6 d4 9. a3 Ba5 10. fxg7 Re8+ 11. Kf2 dxc3 12. Bd3 bxc4 13. Be4 d5 14. Qxd5 Qxd5 15. Bxd5 cxb2 16. Bxb2 c3 17. Bc1 c2 18. Ne2 Bf5 19. Bxa8 Bd3 20. Nf4 Ba6 21. Be4 Bc3 22. Ra2 Bd4+ 23. Be3 Nc6 24. Rxc2 Bxe3+ 25. Kxe3 f5 26. Rxc5 1-0


[Site "https://www.chess.com"]

[Event "Titled Tuesday Blitz March 01 Early 2022"]
[White "Szpar, Milosz"]
[Black "Omelja, Artem"]
[WhiteFideId "1184989"]
[BlackFideId "14119846"]
[WhiteElo "2447"]
[BlackElo "2418"]
[Result "0-1"]
[Round "04"]
[TimeControl "180+1"]
[Date "2022.03.01"]
[WhiteClock "0:00:11"]
[BlackClock "0:00:04"]

1. e4 c5 2. Nf3 e6 3. d4 cxd4 4. Nxd4 a6 5. Bd3 Qc7 6. O-O Nf6 7. Qe2 d6 8. c4 Nbd7 9. Nc3 b6 10. Bd2 Bb7 11. Kh1 Ne5 12. f4 Nxd3 13. Qxd3 Rc8 14. b3 Be7 15. f5 e5 16. Nc2 O-O 17. Bg5 Ng4 18. Bd2 Nf6 19. h3 h6 20. g4 b5 21. Ne3 bxc4 22. bxc4 Qc6 23. Ncd5 Nxd5 24. Nxd5 Bf6 25. Rac1 Rfe8 26. Rg1 Qc5 27. Nxf6+ gxf6 28. Bxh6 Qd4 29. Qxd4 exd4 30. g5 Rxe4 31. Kh2 Kh7 32. Kg3 Re3+ 33. Kf2 Rce8 34. Rg3 Re2+ 35. Kg1 Rxa2 36. Rd1 Ree2 37. Rb1 Be4 38. g6+ Kxh6 39. g7 Rg2+ 40. Rxg2 Rxg2+ 41. Kf1 Rxg7 42. Re1 Bxf5 0-1


[Site "https://www.chess.com"]

[Event "Titled Tuesday Blitz March 01 Early 2022"]
[White "Tanenbaum, Zachary"]
[Black "Savchenko, Boris"]
[WhiteFideId "2060850"]
[BlackFideId "4147332"]
[WhiteElo "2168"]
[BlackElo "2512"]
[Result "0-1"]
[Round "04"]
[TimeControl "180+1"]
[Date "2022.03.01"]
[WhiteClock "0:00:02"]
[BlackClock "0:00:22"]

1. e4 c6 2. d4 d5 3. exd5 cxd5 4. Bd3 Nc6 5. c3 Nf6 6. Bf4 g6 7. Nd2 Bf5 8. Bxf5 gxf5 9. Ngf3 e6 10. O-O Bd6 11. Bxd6 Qxd6 12. Re1 Ne4 13. c4 O-O-O 14. Rc1 Kb8 15. a3 Rdg8 16. b4 Qf4 17. cxd5 exd5 18. Rxc6 bxc6 19. Nxe4 fxe4 20. Ne5 Ka8 21. Qa4 Rc8 22. Nxc6 Qc7 23. b5 f5 24. Rb1 Qb7 25. Qb3 f4 26. Qxd5 e3 27. fxe3 fxe3 28. Re1 Rhe8 29. a4 Rc7 30. a5 a6 31. Qh5 Rg8 32. Rxe3 axb5 33. d5 b4 34. Qf5 Qb5 35. Qf7 Rxf7 36. Re7 Qf1# 0-1


[Site "https://www.chess.com"]

[Event "Titled Tuesday Blitz March 01 Early 2022"]
[White "Tarhan, Adar"]
[Black "Zierk, Steven"]
[WhiteFideId "34544712"]
[BlackFideId "2034255"]
[WhiteElo "1802"]
[BlackElo "2494"]
[Result "0-1"]
[Round "04"]
[TimeControl "180+1"]
[Date "2022.03.01"]
[WhiteClock "0:00:15"]
[BlackClock "0:00:30"]

1. e4 e6 2. d4 d5 3. Nd2 c5 4. Ngf3 cxd4 5. Nxd4 Nc6 6. Bb5 Bd7 7. Nxc6 bxc6 8. Bd3 Qc7 9. Qe2 Ne7 10. Nf3 Ng6 11. O-O Be7 12. e5 c5 13. c3 a5 14. Re1 a4 15. a3 Rb8 16. g3 O-O 17. h4 Rfe8 18. h5 Nf8 19. Nh2 Bc6 20. Ng4 Nd7 21. Qf3 Rf8 22. Bc2 d4 23. Qd3 g6 24. Bf4 Qd8 25. cxd4 cxd4 26. Nh6+ Kh8 27. hxg6 fxg6 28. Qxd4 Bc5 29. Qc3 Qb6 30. Qd2 Qxb2 31. Rad1 Qxa3 32. Qe2 Rxf4 33. gxf4 Qg3+ 34. Kf1 Qg2# 0-1


[Site "https://www.chess.com"]

[Event "Titled Tuesday Blitz March 01 Early 2022"]
[White "Ter-Sahakyan, Samvel"]
[Black "Murzin, Volodar"]
[WhiteFideId "13302531"]
[BlackFideId "44155573"]
[WhiteElo "2592"]
[BlackElo "2585"]
[Result "1/2-1/2"]
[Round "04"]
[TimeControl "180+1"]
[Date "2022.03.01"]
[WhiteClock "0:00:10"]
[BlackClock "0:00:08"]

1. e4 c6 2. d4 d5 3. exd5 cxd5 4. Bd3 Nc6 5. Nf3 Bg4 6. c3 Nf6 7. Qb3 Qb6 8. Ne5 e6 9. Qxb6 axb6 10. Nxg4 Nxg4 11. Nd2 Bd6 12. Nf3 O-O 13. O-O Nf6 14. Re1 Ra5 15. a3 Rc8 16. Bd2 Raa8 17. Re2 Na5 18. Rae1 Nc4 19. Bc1 h6 20. g3 Nd7 21. Kg2 Nb8 22. h4 Nc6 23. g4 N6a5 24. g5 hxg5 25. Bxg5 Nc6 26. h5 Be7 27. Bc1 Bf6 28. h6 g6 29. Nh2 Kh7 30. Ng4 Bh8 31. Bg5 Nd6 32. Re3 Nf5 33. Rf3 Na5 34. Re2 Nc4 35. Kh3 Ncd6 36. Kg2 Nc4 37. Kh3 Ncd6 38. Kg2 Nc4 1/2-1/2


[Site "https://www.chess.com"]

[Event "Titled Tuesday Blitz March 01 Early 2022"]
[White "Thomas, Anysia"]
[Black "Iljin, Timofey"]
[WhiteFideId "670472"]
[BlackFideId "14110180"]
[WhiteElo "2002"]
[BlackElo "2396"]
[Result "1-0"]
[Round "04"]
[TimeControl "180+1"]
[Date "2022.03.01"]
[WhiteClock "0:00:19"]
[BlackClock "0:00:41"]

1. d4 f5 2. g3 Nf6 3. Bg2 g6 4. Nf3 Bg7 5. O-O O-O 6. b3 d6 7. Bb2 Qe8 8. Nbd2 Nc6 9. c4 e5 10. dxe5 dxe5 11. e4 fxe4 12. Ng5 Bg4 13. Qb1 Rd8 14. Ndxe4 Nxe4 15. Qxe4 Bf5 16. Qe3 h6 17. Ne4 Nd4 18. Rad1 b6 19. Rd2 c5 20. Rfd1 Kh7 21. h3 h5 22. Ng5+ Kh8 23. Be4 Bxe4 24. Qxe4 Bh6 25. Bxd4 exd4 26. Ne6 Bxd2 27. Qe5+ Rf6 28. Qxf6+ Kh7 29. Qg7# 1-0


[Site "https://www.chess.com"]

[Event "Titled Tuesday Blitz March 01 Early 2022"]
[White "Timofeev, Artyom"]
[Black "Makhnev, Denis"]
[WhiteFideId "4140419"]
[BlackFideId "13707647"]
[WhiteElo "2583"]
[BlackElo "2491"]
[Result "1-0"]
[Round "04"]
[TimeControl "180+1"]
[Date "2022.03.01"]
[WhiteClock "0:00:11"]
[BlackClock "0:00:03"]

1. c4 c6 2. Nf3 d5 3. e3 Nf6 4. Nc3 a6 5. Be2 Bf5 6. Nh4 Be6 7. d4 g6 8. O-O Bg7 9. Qb3 Ra7 10. Nf3 O-O 11. a4 a5 12. Bd2 dxc4 13. Bxc4 Bxc4 14. Qxc4 Na6 15. Rfd1 Nb4 16. e4 Ra8 17. h3 Nd7 18. Rac1 Qb6 19. Be3 Qa6 20. Qb3 Rad8 21. Na2 Nxa2 22. Qxa2 Nf6 23. Nd2 Rd7 24. f3 Rfd8 25. Nc4 Ne8 26. e5 Nc7 27. Bf2 Ne6 28. Kh1 Nxd4 29. Bxd4 Rxd4 30. Rxd4 Rxd4 31. e6 fxe6 32. b3 b5 33. axb5 cxb5 34. Nxa5 Kf7 35. b4 Qd6 36. Qe2 Rxb4 37. Re1 Rb2 38. Qe3 Bf6 39. Nb7 Qd5 40. Nc5 e5 41. Ne4 Qd4 42. Qh6 Kg8 43. Rc1 Rc2 44. Rb1 Qc4 45. Rd1 1-0


[Site "https://www.chess.com"]

[Event "Titled Tuesday Blitz March 01 Early 2022"]
[White "Todorovic, Bojan"]
[Black "Piesik, Piotr"]
[WhiteFideId "917087"]
[BlackFideId "1136194"]
[WhiteElo "2266"]
[BlackElo "2232"]
[Result "0-1"]
[Round "04"]
[TimeControl "180+1"]
[Date "2022.03.01"]
[WhiteClock "0:00:01"]
[BlackClock "0:00:16"]

1. Nf3 g6 2. c4 Bg7 3. Nc3 d6 4. g3 Nc6 5. Bg2 e5 6. O-O f5 7. d3 Nf6 8. Bg5 h6 9. Bxf6 Qxf6 10. Nd5 Qf7 11. Nd2 O-O 12. e3 Be6 13. Nb1 g5 14. f4 exf4 15. gxf4 Bxb2 16. Nbc3 Bxa1 17. Qxa1 Qg7 18. Qb1 Rab8 19. Nb5 Rf7 20. d4 Nd8 21. Nxa7 c6 22. Nb6 Rf6 23. d5 Bf7 24. Nd7 Ra8 25. dxc6 bxc6 26. Nxc6 Bxc4 27. Rc1 Qxd7 28. Rxc4 Rc8 29. Ne7+ Qxe7 30. Rxc8 Qxe3+ 31. Kh1 Rf8 32. Bd5+ Kh7 33. Rc7+ Kg6 34. Qb2 Nf7 35. Qb7 Qe1+ 36. Kg2 Qd2+ 37. Kh1 Qe1+ 38. Kg2 Qe2+ 39. Kg1 Qg4+ 40. Kh1 Qd1+ 41. Kg2 Qd2+ 42. Kg1 Qd4+ 43. Kg2 Qf6 44. Kg1 gxf4 45. Bf3 Re8 46. Kg2 Qg5+ 47. Kh3 Qf6 0-1


[Site "https://www.chess.com"]

[Event "Titled Tuesday Blitz March 01 Early 2022"]
[White "Tologon tegin, Semetei"]
[Black "Zhigalko, Sergei"]
[WhiteFideId "13800574"]
[BlackFideId "13502956"]
[WhiteElo "2258"]
[BlackElo "2662"]
[Result "0-1"]
[Round "04"]
[TimeControl "180+1"]
[Date "2022.03.01"]
[WhiteClock "0:00:55"]
[BlackClock "0:00:16"]

1. e4 c5 2. Nc3 Nc6 3. Bb5 Nd4 4. Nf3 e6 5. O-O a6 6. Bd3 Nxf3+ 7. Qxf3 Bd6 8. b3 Qc7 9. h3 Ne7 10. Bb2 Ng6 11. Ne2 O-O 12. Qe3 b5 13. c4 Be5 14. Bxe5 Nxe5 15. f4 Nxd3 16. Qxd3 bxc4 17. bxc4 Bb7 18. Ng3 Rab8 19. Nh5 f6 20. Rf3 Rf7 21. Rg3 Bc6 22. Qc3 Kh8 23. d3 Qd6 24. Kh1 Qd4 25. Qxd4 cxd4 26. Rf3 f5 27. Ng3 Rb2 28. Kg1 g6 29. Rff1 Rf8 30. exf5 Rxg2+ 0-1


[Site "https://www.chess.com"]

[Event "Titled Tuesday Blitz March 01 Early 2022"]
[White "Topalov, Aleksandar"]
[Black "Gabdrakhmanov, Azat"]
[WhiteFideId "925659"]
[BlackFideId "34189197"]
[WhiteElo "2098"]
[BlackElo "2279"]
[Result "0-1"]
[Round "04"]
[TimeControl "180+1"]
[Date "2022.03.01"]
[WhiteClock "0:00:04"]
[BlackClock "0:00:15"]

1. b3 b6 2. Bb2 Bb7 3. Nf3 e6 4. g3 Nf6 5. Bg2 Be7 6. O-O c5 7. d3 d5 8. Ne5 O-O 9. Nd2 Nc6 10. Nxc6 Bxc6 11. e4 dxe4 12. dxe4 Qc7 13. Qe2 Rad8 14. Rfd1 Nd7 15. a4 Bf6 16. Bxf6 Nxf6 17. Nc4 h6 18. f3 Rxd1+ 19. Rxd1 Rd8 20. Rd2 Rd4 21. c3 Rd7 22. Qd1 Rxd2 23. Qxd2 Ne8 24. Bf1 Kf8 25. Qd3 Ke7 26. Kf2 Bb7 27. Be2 e5 28. Ne3 g6 29. Qd2 h5 30. Bc4 Nd6 31. Bd5 Bc8 32. Nc2 Ne8 33. Qg5+ Kf8 34. Qh6+ Ke7 35. Ne3 Nf6 36. Qg5 Be6 37. Bxe6 Kxe6 38. Nc4 a6 39. Ke3 b5 40. f4 bxc4 41. bxc4 Ng4+ 42. Kf3 Qd6 0-1


[Site "https://www.chess.com"]

[Event "Titled Tuesday Blitz March 01 Early 2022"]
[White "Tsvetkov, Andrey"]
[Black "Karas, Marek"]
[WhiteFideId "34139360"]
[BlackFideId "14928558"]
[WhiteElo "2280"]
[BlackElo "2270"]
[Result "1-0"]
[Round "04"]
[TimeControl "180+1"]
[Date "2022.03.01"]
[WhiteClock "0:01:10"]
[BlackClock "0:01:41"]

1. d4 Nf6 2. c4 e6 3. Nc3 d5 4. Nf3 c5 5. cxd5 Nxd5 6. e4 Nxc3 7. bxc3 cxd4 8. cxd4 Bb4+ 9. Bd2 Bxd2+ 10. Qxd2 O-O 11. Bc4 Nd7 12. O-O b6 13. Rad1 Bb7 14. Rfe1 Nf6 15. Qf4 h6 16. Bb3 Rc8 17. d5 exd5 18. e5 Nd7 19. Bxd5 Bxd5 20. Rxd5 Qe7 21. Nd4 Nc5 22. Nf5 Qg5 23. Qxg5 hxg5 24. Ne7+ Kh7 25. Nxc8 Rxc8 26. h3 Rc7 27. Red1 Re7 28. g3 f6 29. exf6 gxf6 30. Kg2 Kg6 31. R1d2 Re8 32. Rd8 Re7 33. Rg8+ Kf7 34. Rdd8 Re2 35. Rdf8+ Ke6 36. Re8+ Kf7 37. Rxe2 Kxg8 38. Re7 a5 39. Kf3 Kf8 40. Ra7 Nd3 41. Rb7 Nb4 42. Rxb6 Kf7 43. a4 Nd3 44. Rb5 1-0


[Site "https://www.chess.com"]

[Event "Titled Tuesday Blitz March 01 Early 2022"]
[White "Tsyhanchuk, Stanislav"]
[Black "Godzwon, Iwo"]
[WhiteFideId "13505130"]
[BlackFideId "21802483"]
[WhiteElo "2078"]
[BlackElo "2201"]
[Result "0-1"]
[Round "04"]
[TimeControl "180+1"]
[Date "2022.03.01"]
[WhiteClock "0:01:49"]
[BlackClock "0:01:59"]

1. d4 Nf6 2. c4 e6 3. Nc3 Bb4 4. Nf3 O-O 5. Bg5 h6 6. Bh4 b6 7. e3 Bb7 8. Bd3 d5 9. cxd5 exd5 10. O-O Nbd7 11. Ne5 Be7 12. f4 Ne4 13. Bxe7 Qxe7 14. Nxe4 dxe4 15. Bc4 c5 16. Qg4 Nf6 17. Qh4 Bd5 18. Be2 cxd4 19. exd4 Qb4 20. Rad1 Qxb2 21. Rf2 e3 22. Rff1 Qxe2 23. Qh3 Qxa2 24. Ra1 Qb2 25. Rfb1 Qxd4 26. Rd1 Qxf4 27. Nd7 Qf2+ 28. Kh1 Nxd7 29. Rxd5 e2 30. Qg3 Qf1+ 31. Rxf1 exf1=Q# 0-1


[Site "https://www.chess.com"]